 Dungeon Crawl Stone Soup version 0.28.0-45-g0d030f2227 (webtiles) character file.

Game seed: 14108338735812607736

296 NinjaNoafa the Skirmisher (level 6, -10/56 HPs)
             Began as a Hill Orc Abyssal Knight on Apr 4, 2022.
             Was a Believer of Lugonu.
             Mangled by an ogre
             ... wielding a +0 giant club
              (27 damage)
             ... on level 5 of the Dungeon.
             The game lasted 00:15:51 (5351 turns).

NinjaNoafa the Skirmisher (Hill Orc Abyssal Knight) Turns: 5351, Time: 00:15:52

Health: -10/56     AC:  5    Str: 18    XL:     6   Next: 35%
Magic:  9/9        EV: 12    Int: 14    God:    Lugonu [**....]
Gold:   153        SH:  0    Dex: 11    Spells: 5/5 levels left

rFire   + . .      SeeInvis +   s - +5 war axe of Usadixku {flame, rC+ Int+4}
rCold   + . .      Faith    .   j - orb {guile}
rNeg    . . .      Spirit   .   b - +0 leather armour
rPois   .          Reflect  .   e - +0 helmet
rElec   .          Harm     .   c - +0 cloak
rCorr   +          Rampage  .   (no gloves)
Will    .....                   (no boots)
Stlth   +.........              (no amulet)
HPRegen 0.18/turn               g - ring of see invisible
MPRegen 0.11/turn               r - ring of resist corrosion

@: no status effects
A: fire resistance 1
a: Renounce Religion, Depart the Abyss, Bend Space


You were on level 5 of the Dungeon.
You worshipped Lugonu.
Lugonu was pleased with you.
You visited 1 branch of the dungeon, and saw 5 of its levels.
You visited the Abyss 1 time.

You collected 153 gold pieces.

Inventory:

Hand Weapons
 a - a +1 hand axe
 f - a +0 dagger of electrocution
 k - a +0 hunting sling
 s - the +5 war axe of Usadixku (weapon) {flame, rC+ Int+4}
   (You found it on level 4 of the Dungeon)

   It burns those it strikes, dealing additional fire damage.
   Big, fiery blades are also staple armaments of hydra-hunters.
   Int:       It affects your intelligence (+4).
   rC:        It protects you from cold.
Missiles
 n - 78 stones (quivered)
Armour
 b - a +0 leather armour (worn)
 c - a +0 cloak (worn)
 e - a +0 helmet (worn)
 j - an orb of guile (worn)
Jewellery
 d - a +4 ring of evasion
 g - a ring of see invisible (left hand)
 m - a ring of ice
 r - a ring of resist corrosion (right hand)
Scrolls
 o - 2 scrolls of fog
 q - 2 scrolls of immolation
Potions
 h - 2 potions of lignification
 i - a potion of degeneration
 l - a potion of curing


   Skills:
 + Level 5.3 Fighting
 + Level 4.6 Axes
 + Level 3.1 Armour
 + Level 2.2 Dodging
 * Level 0.1 Translocations
 + Level 4.1 Invocations


You had 5 spell levels left.
You didn't know any spells.
Your spell library contained the following spells:

 Spells                   Type           Power      Damage    Failure   Level
 Apportation              Tloc           0%         N/A       32%         1
 Alistair's Intoxication  Tmut/Pois      0%         N/A       100%        5


Dungeon Overview and Level Annotations

Branches:
Dungeon (5/15)
 Temple: D:4-7

Altars:
Hepliaklqana
Yredelemnul


Innate Abilities, Weirdness & Mutations

Your flesh is heat resistant. (rF+)


Message History

The gnoll sergeant freezes you.
There is an open door here.
There is an open door here.
You see here a +0 trident.
The gnoll hits you from afar with a +1 vorpal spear.
There is an open door here.
The gnoll sergeant hits you from afar with a +1 spear of freezing.
There is an open door here.
The gnoll sergeant closely misses you.
You see here a +0 whip.
You open the door.
There is an open door here.
The gnoll sergeant hits you from afar with a +1 spear of freezing.
The gnoll sergeant freezes you.
Okay, then.
As you read the scroll labelled TAVOAN ROWEPS, it crumbles to dust.
You assume a fearsome visage.
The gnoll sergeant looks frightened!
The gnoll looks frightened! x2; It was a scroll of fear.
There is a stone staircase leading down here.
You climb downwards.
Found 5 gold pieces.
There is a stone staircase leading up here.
You now have 153 gold pieces (gained 5).
You start resting.
HP restored.
Found a stone staircase leading up.
An ogre comes into view. It is wielding a +0 giant club.
The ogre hits you with a +0 giant club!!
You hit the ogre. You burn the ogre.
The ogre is lightly wounded.
The ogre hits you with a +0 giant club!!
* * * LOW HITPOINT WARNING * * *
Found a tubular moonstone ring.
A quokka comes into view.
You see here a ring of ice.
m - a ring of ice
Found a scale mail.
The quokka twitches its whiskers.
The ogre hits you with a +0 giant club!!
You die...

# #......... #.
#.......# #.##.#.###.#
#......# ###...##
#r..# # #####...#####
...
#.###...O.......###..#
..[....@.............#
..###.........<.####.#
#####...##### #...#
#...# #...# ##.## #.#
####.####


You could see an ogre and a quokka.

Vanquished Creatures
  A scorpion (D:4)
  A hound (D:4)
  An orc wizard (D:4)
  2 gnolls (D:4)
  7 adders
  An adder skeleton (D:4)
  A worm (D:3)
  3 dart slugs
  12 orcs
  7 ball pythons
  7 endoplasms
  6 giant cockroaches
  5 hobgoblins
  5 jackals (D:3)
  6 kobolds
  2 quokkas
  A bat (D:1)
  4 frilled lizards
  4 goblins
  A rat (D:1)
77 creatures vanquished.

Vanquished Creatures (others)
  5 toadstools (D:1)
5 creatures vanquished.

Grand Total: 82 creatures vanquished

Notes
Turn   | Place    | Note
-------+----------+-------------------------------------------
     0 | Abyss:1  | NinjaNoafa the Hill Orc Abyssal Knight began the quest for
                  | the Orb.
     0 | Abyss:1  | Reached XP level 1. HP: 19/19 MP: 2/2
    34 | D:1      | Escaped the Abyss
   302 | D:1      | Reached XP level 2. HP: 27/27 MP: 3/3
   339 | D:1      | Reached skill level 1 in Dodging
   485 | D:1      | Reached skill level 4 in Fighting
   717 | D:1      | Found a faded altar of an unknown god.
   989 | D:1      | Reached XP level 3. HP: 33/33 MP: 5/5
  1196 | D:2      | Reached ** piety under Lugonu
  2264 | D:2      | Reached XP level 4. HP: 39/41 MP: 6/6
  3324 | D:3      | Reached skill level 5 in Fighting
  3324 | D:3      | Reached XP level 5. HP: 48/48 MP: 7/7
  3794 | D:4      | Gained mutation: Your system is resistant to poisons.
                  | (rPois) [potion of mutation]
  3794 | D:4      | Gained mutation: Armour fits poorly on your strangely
                  | shaped body. [potion of mutation]
  3794 | D:4      | Gained mutation: You are frail. (-10% HP) [potion of
                  | mutation]
  3917 | D:4      | Found a basalt altar of Yredelemnul.
  3923 | D:4      | Found a hazy altar of Hepliaklqana.
  4258 | D:4      | Reached XP level 6. HP: 13/50 MP: 7/9
  4499 | D:4      | Identified the +5 war axe of Usadixku {flame, rC+ Int+4}
  4963 | D:4      | Lost mutation: Your system is resistant to poisons. (rPois)
                  | [potion of mutation]
  4963 | D:4      | Lost mutation: Armour fits poorly on your strangely shaped
                  | body. [potion of mutation]
  4963 | D:4      | Lost mutation: You are frail. (-10% HP) [potion of
                  | mutation]
  4963 | D:4      | Gained mutation: Your flesh is heat resistant. (rF+)
                  | [potion of mutation]
  5122 | D:5      | Entered Level 5 of the Dungeon
  5351 | D:5      | Mangled by an ogre

Illustrated notes

Levels and vault maps discovered:
D:1:      ldierk_walled_garden, layout_loops_ring,
          nicolae_ecumenical_lake_church, roderic_serpentine_path
D:2:      layout_loops_corners, corexii_hall_statues_deadend
D:3:      layout_basic
D:4:      layout_gridville, mainiacjoe_overflow_big_doors,
          kennysheep_generic_room_12
D:5:      layout_loops_cross, mrwooster_statue_mirror, kennysheep_potato

Skill      XL: |  1  2  3  4  5  6 |
---------------+-------------------+-----
Dodging        | 1 2 |  2.2
Axes           | 3 4 |  4.6
Fighting       | 4 5 |  5.3
Invocations    | 3 4 |  4.1
Armour         | 3 |  3.1
Translocations | |  0.1

Action                   |  1- 3 |  4- 6 || total
-------------------------+-------+-------++-------
Melee: Hand axe          |    71 |   127 ||   198
       Dagger            |    26 |       ||    26
       Punch             |     1 |     4 ||     5
       War axe           |       |    11 ||    11
Throw: Stone             |       |     7 ||     7
  Use: Scroll            |       |     9 ||     9
       Potion            |       |     5 ||     5
 Stab: Sleeping          |     1 |       ||     1
Armor: Leather armour    |    43 |    42 ||    85
       Skin              |       |    98 ||    98
Dodge: Dodged            |    48 |   133 ||   181
